[Event "44th BAN-ch OMICON 2018"]
[Site "Dhaka"]
[Date "2018.11.25"]
[Round "2"]
[White "Reefat, Bin-Sattar"]
[Black "Hossain, Showkat Pollab"]
[Result "1/2-1/2"]
[ECO "B30"]
[WhiteElo "2437"]
[BlackElo "2119"]
[Annotator "NA RC"]
[PlyCount "32"]
[EventDate "2018.11.24"]
[EventType "swiss"]
[EventCountry "BAN"]
[SourceTitle "playchess.com"]
[Source "ChessBase"]
[SourceQuality "1"]
[TimeControl "40/5400+30:1800+30"]

1. e4 c5 2. b3 Nf6 3. e5 Nd5 4. Nf3 Nc6 5. Bb2 d6 6. Bb5 Bg4 7. h3 Bh5 8. Nc3 Nxc3 9. Bxc3 (9. Bxc6+ $5 bxc6 10. Bxc3 $11 (10. dxc3 e6 $11)) 9... Qb6 $11 10. Qe2 a6 11. Bc4 O-O-O 12. g4 Bg6 13. Ng5 d5 14. Bd3 h6 15. Bxg6 hxg5 16. Bxf7 d4 1/2-1/2

[Event "44th BAN-ch OMICON 2018"]
[Site "Dhaka"]
[Date "2018.11.25"]
[Round "2"]
[White "Mohammad Minhaz Uddin"]
[Black "Mohammad Fahad, Rahman"]
[Result "1/2-1/2"]
[ECO "B92"]
[WhiteElo "2290"]
[BlackElo "2381"]
[Annotator "NA"]
[PlyCount "56"]
[EventDate "2018.11.24"]
[EventType "swiss"]
[EventCountry "BAN"]
[SourceTitle "playchess.com"]
[Source "ChessBase"]
[SourceQuality "1"]
[TimeControl "40/5400+30:1800+30"]

1. e4 c5 2. Nf3 d6 3. d4 cxd4 4. Nxd4 Nf6 5. Nc3 a6 6. Be2 e5 7. Nb3 Be6 8. O-O Be7 9. Kh1 b5 {[%emt 0:00:28] B92: Sicilian Najdorf: 6 Be2} (9... Nbd7 10. f4 Rc8 11. a4 O-O 12. Be3 Re8 13. f5 Bc4 14. a5 h6 15. Ra4 Bxe2 16. Qxe2 Rc6 17. Rd1 Qc7 18. Nc1 Rc8 19. Nd3 Rc4 20. Nb4 Qd8 21. Bg1 Bf8 {½-½ (21) Panarin,M (2521)-Ivanisevic,I (2630) Sarajevo 2010}) 10. f4 Nbd7 11. a4 b4 12. Nd5 Bxd5 13. exd5 Nb6 $146 ({Predecessor:} 13... Qc7 14. a5 O-O 15. Be3 Qb7 16. fxe5 Nxe5 17. Bg5 Nxd5 18. Bxe7 {0-1 (53) Savova,S (2213)-Nikolova,A (2167) Sunny Beach 2006}) 14. a5 Nbxd5 15. Bf3 e4 16. Bxe4 Nxe4 17. Qxd5 Nf6 18. Qc6+ Nd7 19. Ra4 O-O 20. Rxb4 d5 21. Rb7 Nf6 22. Be3 Re8 23. Bd4 Bd6 $16 24. Rb6 Ne4 25. g3 Bc7 26. Rxa6 Nxg3+ 27. hxg3 Qc8 28. Rxa8 Qh3+ 1/2-1/2

[Event "44th BAN-ch OMICON 2018"]
[Site "Dhaka"]
[Date "2018.11.25"]
[Round "2"]
[White "Islam, Kh. Aminul"]
[Black "S M Sharon"]
[Result "1/2-1/2"]
[ECO "A21"]
[WhiteElo "2253"]
[BlackElo "2123"]
[Annotator "NA"]
[PlyCount "47"]
[EventDate "2018.11.24"]
[EventType "swiss"]
[EventCountry "BAN"]
[SourceTitle "playchess.com"]
[Source "ChessBase"]
[SourceQuality "1"]
[TimeControl "40/5400+30:1800+30"]

1. c4 d6 2. Nc3 e5 3. g3 g6 4. d3 Bg7 5. h4 Ne7 6. e4 h5 7. Bh3 Nd7 8. Nf3 c6 9. Be3 O-O 10. Kf1 Nf6 11. Bxc8 Nxc8 12. Bg5 Qb6 13. Qe2 Ng4 14. Nh2 f6 15. Bc1 f5 16. f3 fxe4 17. dxe4 Ne7 18. Kg2 Nxh2 19. Kxh2 d5 20. Kg2 Qa6 21. cxd5 Qxe2+ 22. Nxe2 cxd5 23. exd5 Nxd5 24. Rd1 1/2-1/2

[Event "44th BAN-ch OMICON 2018"]
[Site "Dhaka"]
[Date "2018.11.25"]
[Round "2"]
[White "Abu Sufian, Shakil"]
[Black "Swadhin, Sarkar"]
[Result "1-0"]
[ECO "B06"]
[WhiteElo "2230"]
[BlackElo "1875"]
[Annotator "NA"]
[PlyCount "61"]
[EventDate "2018.11.24"]
[EventType "swiss"]
[EventCountry "BAN"]
[SourceTitle "playchess.com"]
[Source "ChessBase"]
[SourceQuality "1"]
[TimeControl "40/5400+30:1800+30"]

1. e4 g6 2. d4 Bg7 3. Nc3 d5 4. exd5 Nf6 $14 5. Bb5+ Nbd7 6. Nf3 O-O 7. O-O Nb6 8. Re1 a6 9. Bf1 Nbxd5 10. Nxd5 Nxd5 11. c4 Nf6 12. h3 Bf5 13. Bf4 Re8 14. Be5 Be4 15. Ng5 Bc6 16. d5 Bd7 17. Qb3 h6 18. Nf3 Bc8 19. Rad1 Nd7 20. Bxg7 Kxg7 21. c5 Nf8 22. Qc3+ Kg8 23. b4 Qd7 24. Ne5 Qf5 25. Ng4 Qh5 26. Rxe7 Bxg4 27. hxg4 Qxg4 28. Rde1 Rxe7 29. Rxe7 Qf5 30. Rxc7 Qxd5 31. Qc4 1-0

[Event "44th BAN-ch OMICON 2018"]
[Site "Dhaka"]
[Date "2018.11.25"]
[Round "2"]
[White "Mehdi Hasan Parag"]
[Black "Rahman, Ziaur"]
[Result "1-0"]
[ECO "B12"]
[WhiteElo "2218"]
[BlackElo "2468"]
[Annotator "RC"]
[PlyCount "139"]
[EventDate "2018.11.24"]
[EventType "swiss"]
[EventCountry "BAN"]
[SourceTitle "playchess.com"]
[Source "ChessBase"]
[SourceQuality "1"]
[TimeControl "40/5400+30:1800+30"]

1. e4 c6 2. d4 d5 3. e5 c5 4. dxc5 e6 5. Nf3 Bxc5 6. Bd3 Ne7 7. O-O Ng6 8. a3 Nd7 9. Re1 O-O 10. c4 dxc4 11. Bxc4 Ndxe5 12. Qe2 Nxc4 13. Qxc4 Qb6 14. Qe2 Bd7 15. Nc3 Rac8 16. h4 f6 17. h5 Ne7 18. Rd1 Be8 19. h6 Nf5 20. hxg7 Kxg7 21. Ne4 Ba4 22. b3 Bb5 23. Qb2 Bc6 24. Nxc5 Qxc5 25. Bd2 Rfe8 26. Bb4 Qb5 27. Ne1 e5 28. Bc3 Bd5 29. Rd3 Be4 30. Rh3 Kh8 31. a4 Qc6 32. Rc1 Nd4 33. Rg3 Bg6 34. Rd1 Nf5 35. Rh3 Ng7 36. Rc1 Qd7 37. f4 Kg8 38. fxe5 fxe5 39. Nf3 Qc7 40. Kh1 e4 41. Nh4 Qf4 42. Nxg6 hxg6 43. Kg1 Nh5 44. Rf1 Qg5 45. b4 Rcd8 46. Qa2+ Qd5 47. Qe2 Rf8 48. Re1 Rf4 49. Qe3 Rdf8 50. Qxa7 Rg4 51. Qe3 Rf7 52. Qe2 Qe6 53. Rd1 Kh7 54. a5 Rd7 55. Rf1 Kg8 56. Ba1 Rf7 57. Rc1 Ng7 58. Qc2 Rgf4 59. b5 Rf8 60. Qc3 R4f7 61. Qe3 Nh5 62. Qg5 Rh7 63. a6 Qb6+ 64. Kh1 Rf5 65. Qd2 Ng3+ 66. Kh2 Rxh3+ 67. Kxh3 Qe6 68. Kxg3 e3 69. Qd8+ Rf8 70. Qd4 1-0

[Event "44th BAN-ch OMICON 2018"]
[Site "Dhaka"]
[Date "2018.11.25"]
[Round "2"]
[White "Anata, Choudhury"]
[Black "Ikramul, Haq Siam"]
[Result "1-0"]
[ECO "C18"]
[WhiteElo "2141"]
[BlackElo "2100"]
[Annotator "NA"]
[PlyCount "96"]
[EventDate "2018.11.24"]
[EventType "swiss"]
[EventCountry "BAN"]
[SourceTitle "playchess.com"]
[Source "ChessBase"]
[SourceQuality "1"]
[TimeControl "40/5400+30:1800+30"]

1. e4 e6 2. d4 d5 3. Nc3 Bb4 4. e5 Ne7 5. a3 Bxc3+ 6. bxc3 c5 7. Qg4 cxd4 8. Bd3 Qc7 9. Ne2 dxc3 10. Qxg7 Rg8 11. Qxh7 Nbc6 12. Bf4 Bd7 13. Bg3 d4 14. O-O O-O-O 15. Qh4 Kb8 16. Nxd4 Nxd4 17. Qxe7 Ba4 18. Qxc7+ Kxc7 19. Rac1 Rd5 20. Rfe1 Bc6 21. Rb1 a5 22. Re4 Ba4 23. Rc1 b5 24. f3 b4 25. axb4 axb4 26. Rf4 Rg7 27. Kf1 Nc6 28. Be4 Rd2 29. Bxc6 Kxc6 30. Rxb4 Rxc2 31. Rxc2 Bxc2 32. Rc4+ Kd7 33. Rxc3 Bf5 34. Kf2 Rh7 35. Bf4 Rh4 36. g4 Bg6 37. Kg3 Rh8 38. Ra3 Rc8 39. h4 Rc5 40. Ra7+ Rc7 41. Ra3 Rc5 42. Ra7+ Rc7 43. Rxc7+ Kxc7 44. h5 Bd3 45. Bc1 Kc6 46. Kf4 Kd5 47. Bb2 Be2 48. h6 Bd3 {[%emt 0:00:04] Ke4+ [%clk 0:00:00]} 1-0

[Event "44th BAN-ch OMICON 2018"]
[Site "Dhaka"]
[Date "2018.11.25"]
[Round "2"]
[White "Subrota, Biswas"]
[Black "Ghosh, Chanchal Kumer"]
[Result "1-0"]
[ECO "B06"]
[WhiteElo "2126"]
[BlackElo "2069"]
[Annotator "NA"]
[PlyCount "73"]
[EventDate "2018.11.24"]
[EventType "swiss"]
[EventCountry "BAN"]
[SourceTitle "playchess.com"]
[Source "ChessBase"]
[SourceQuality "1"]
[TimeControl "40/5400+30:1800+30"]

1. e4 d6 2. d4 g6 3. f4 Bg7 4. Nc3 Nd7 5. Nf3 c6 6. a4 Ngf6 7. e5 Ng4 8. h3 Nh6 9. Ne4 d5 10. Ned2 Nf5 11. Bd3 Ng3 12. Rg1 f5 13. Nf1 Ne4 14. g4 e6 15. Ne3 Bh6 16. g5 Bf8 17. h4 c5 18. c3 Qb6 19. h5 a5 20. Nc2 Be7 21. Na3 cxd4 22. Nxd4 Ndc5 23. Be2 Bd7 24. Nab5 Na6 25. Be3 Bc5 26. Kf1 Kf7 27. Rc1 Rac8 28. Bd3 Nc7 29. b4 Nxb5 30. bxc5 Nbxc3 31. cxb6 Nxd1 32. Rxd1 Bxa4 33. Ra1 Rc3 34. Ke2 Nc5 35. Rgc1 Rxc1 36. Rxc1 Rc8 37. Bb5 1-0

[Event "44th BAN-ch OMICON 2018"]
[Site "Dhaka"]
[Date "2018.11.25"]
[Round "2"]
[White "Ahmed, Sk. Nasir"]
[Black "Chatterjee, Debaraj"]
[Result "1/2-1/2"]
[ECO "B81"]
[WhiteElo "2119"]
[BlackElo "2277"]
[Annotator "NA"]
[PlyCount "223"]
[EventDate "2018.11.24"]
[EventType "swiss"]
[EventCountry "BAN"]
[SourceTitle "playchess.com"]
[Source "ChessBase"]
[SourceQuality "1"]
[TimeControl "40/5400+30:1800+30"]

1. e4 c5 2. Nf3 d6 3. d4 cxd4 4. Nxd4 Nf6 5. Nc3 a6 6. h3 e6 7. g4 Be7 8. Bg2 Nfd7 $11 {[%emt 0:00:17] LiveBook: 225 Games} 9. Be3 Nc6 10. Qe2 O-O 11. O-O Rb8 12. a4 Qc7 13. Rad1 Nde5 14. f4 Nxd4 15. Rxd4 Nc6 16. Rdd1 Bd7 17. g5 Rfe8 18. Rf3 Bf8 19. Kh1 Na5 20. Bc1 b5 21. b3 Rbc8 22. axb5 axb5 23. Ba3 Qb8 24. Bb2 Bc6 25. Rf2 Qb7 26. Qd3 Qb6 27. Qg3 Nb7 28. b4 Rcd8 29. Ne2 d5 30. Bd4 Qc7 31. exd5 Bxd5 32. c3 Nd6 33. Bxd5 exd5 34. Qd3 Ne4 35. Rg2 Qc4 36. Qxc4 dxc4 37. Ra1 Ra8 38. Rgg1 Rxa1 39. Rxa1 Nd2 40. Ng1 Nb3 41. Rd1 Nxd4 42. Rxd4 Re3 43. Rd5 Rxc3 44. Rxb5 Rb3 45. Rb8 Rxb4 46. Rc8 g6 47. Nf3 Kg7 48. Rc6 Rb1+ 49. Kg2 Rc1 50. Ne5 c3 51. Rf6 c2 52. Rxf7+ Kg8 53. Rc7 Bd6 54. Rc8+ Kg7 55. h4 Bb8 56. Ng4 Kf7 57. Ne3 Bxf4 58. Nxc2 Ke7 59. Rc4 Bd6 60. Re4+ Kf7 61. Ne3 Re1 62. Kf2 Rh1 63. Ng4 Rb1 64. Nh6+ Kf8 65. Ra4 Rb4 66. Ra8+ Ke7 67. Ra7+ Ke6 68. Rxh7 Rxh4 69. Rg7 Be7 70. Rxg6+ Kd5 71. Kf3 Rh1 72. Rg8 Bxg5 73. Rxg5+ Kc6 74. Nf5 Re1 75. Ne3 Kd6 76. Ke4 Ke6 77. Rg6+ Kf7 78. Ra6 Ke7 79. Kd4 Kf7 80. Nf5 Re2 81. Ng3 Re1 82. Ne4 Ke7 83. Kd5 Kf7 84. Ke5 Re2 85. Kf5 Ke7 86. Ra7+ Kd8 87. Ke5 Re1 88. Kd6 Rd1+ 89. Kc6 Rc1+ 90. Nc5 Ke8 91. Rh7 Rc2 92. Kd6 Rd2+ 93. Ke5 Re2+ 94. Ne4 Re1 95. Kd5 Kd8 96. Nf6 Rd1+ 97. Kc6 Rc1+ 98. Kd6 Rd1+ 99. Nd5 Ke8 100. Ra7 Kf8 101. Ra3 Kf7 102. Rg3 Rd2 103. Rf3+ Kg6 104. Ke5 Re2+ 105. Ne3 Re1 106. Ke6 Kg5 107. Kf7 Ra1 108. Rf5+ Kh4 109. Kf6 Ra6+ 110. Ke5 Ra5+ 111. Nd5 Kg4 112. Rf8 1/2-1/2

[Event "44th BAN-ch OMICON 2018"]
[Site "Dhaka"]
[Date "2018.11.25"]
[Round "2"]
[White "Nayem, Haque"]
[Black "Md. Sharif Hossain"]
[Result "1/2-1/2"]
[ECO "D02"]
[WhiteElo "2074"]
[BlackElo "2198"]
[Annotator "NA"]
[PlyCount "142"]
[EventDate "2018.11.24"]
[EventType "swiss"]
[EventCountry "BAN"]
[SourceTitle "playchess.com"]
[Source "ChessBase"]
[SourceQuality "1"]
[TimeControl "40/5400+30:1800+30"]

1. d4 d5 2. Bf4 c5 3. c3 Nc6 4. e3 Nf6 {[%emt 0:01:54] LiveBook: 1124 Games} 5. Nf3 $11 e6 6. Nbd2 Be7 7. Ne5 O-O 8. Be2 Nxe5 9. Bxe5 Bd7 10. O-O Bc6 11. Bd3 Bd6 12. f4 Ne4 13. Bxd6 Qxd6 14. f5 exf5 15. Rxf5 g6 16. Rf1 Nxd2 17. Qxd2 Rae8 18. Rf3 f5 19. Raf1 Bd7 20. Bc2 Bb5 21. Bd3 Bxd3 22. Qxd3 c4 23. Qd2 Re4 24. Rf4 Ree8 25. Qf2 Qe6 26. g4 Qxe3 27. gxf5 Qxf2+ 28. R1xf2 Re1+ 29. Kg2 Rb1 30. f6 Kf7 31. R4f3 Re8 32. Rh3 h5 33. Rg3 Ree1 34. Kh3 Rg1 35. Re3 Rbe1 36. Rxe1 Rxe1 37. Kh4 Re4+ 38. Kg5 Rg4+ 39. Kh6 h4 40. Re2 Kxf6 41. Rf2+ Ke6 42. h3 Rg3 43. Kg7 Rxh3 44. Re2+ Kd6 45. Kxg6 Rg3+ 46. Kf5 h3 47. Re6+ Kc7 48. Rh6 Rg2 49. Rxh3 Rxb2 50. Ke5 Kc6 51. Rh6+ Kb5 52. Kxd5 Rxa2 53. Rh7 b6 54. Rc7 Ra4 55. Rc8 a5 56. Rc7 Ra1 57. Rxc4 Rc1 58. Rc8 a4 59. c4+ Ka5 60. Ra8+ Kb4 61. Ra6 Rd1 62. Rxb6+ Kc3 63. c5 Rxd4+ 64. Kc6 Rh4 65. Rb1 a3 66. Kd7 Rd4+ 67. Ke6 Kc2 68. Ra1 Kb2 69. Rxa3 Kxa3 70. c6 Rc4 71. Kd7 Rd4+ 1/2-1/2

[Event "44th BAN-ch OMICON 2018"]
[Site "Dhaka"]
[Date "2018.11.25"]
[Round "2"]
[White "Md, Sariatullah"]
[Black "Mohammad, Javed"]
[Result "0-1"]
[ECO "C50"]
[WhiteElo "2027"]
[BlackElo "2135"]
[Annotator "NA"]
[PlyCount "54"]
[EventDate "2018.11.24"]
[EventType "swiss"]
[EventCountry "BAN"]
[SourceTitle "playchess.com"]
[Source "ChessBase"]
[SourceQuality "1"]
[TimeControl "40/5400+30:1800+30"]

1. e4 e5 2. Nf3 Nc6 3. Bc4 Bc5 4. O-O Nf6 5. d4 Bxd4 6. Nxd4 Nxd4 7. f4 d6 8. fxe5 dxe5 9. Bg5 Be6 10. Na3 Qe7 11. Bxf6 gxf6 12. c3 Bxc4 13. Nxc4 Ne6 14. Kh1 Qc5 15. Na3 Rg8 16. g3 Ng5 17. Qa4+ c6 18. Rad1 Rd8 19. Rxd8+ Kxd8 20. Rxf6 Kc8 21. h4 Nh3 22. Rf1 Rxg3 23. Kh2 Rg8 24. Qd1 Nf4 25. Qf3 Qe7 26. Qf2 Rg2+ 27. Qxg2 Qxh4+ 0-1

[Event "44th BAN-ch OMICON 2018"]
[Site "Dhaka"]
[Date "2018.11.25"]
[Round "2"]
[White "Md. Jamal Uddin"]
[Black "Rahman, Taibur"]
[Result "1/2-1/2"]
[ECO "A30"]
[WhiteElo "1950"]
[BlackElo "2239"]
[Annotator "NA"]
[PlyCount "127"]
[EventDate "2018.11.24"]
[EventType "swiss"]
[EventCountry "BAN"]
[SourceTitle "playchess.com"]
[Source "ChessBase"]
[SourceQuality "1"]
[TimeControl "40/5400+30:1800+30"]

1. Nf3 Nf6 2. b3 b6 3. Bb2 Bb7 4. e3 e6 5. c4 Be7 6. Be2 O-O 7. d4 c5 8. O-O cxd4 9. Nxd4 d5 10. Bf3 Nbd7 11. g3 Rc8 12. Nd2 Ba6 13. Be2 Nc5 14. Rc1 Nce4 15. Nxe4 Nxe4 16. cxd5 Rxc1 17. Qxc1 Bxe2 18. Nxe2 Qxd5 19. Nc3 Nxc3 20. Bxc3 Rc8 21. Qb2 f6 22. Rc1 Kf7 23. Be1 Rd8 24. b4 Rd7 25. Qc2 f5 26. a4 Qf3 27. a5 h5 28. b5 h4 29. axb6 hxg3 30. hxg3 axb6 31. Qc6 Qxc6 32. bxc6 Rc7 33. Kf1 Bc5 34. Rd1 Ke7 35. Bc3 g5 36. Be5 Rxc6 37. Ra1 Bd6 38. Ra7+ Ke8 39. Bxd6 Rxd6 40. f3 Rd7 41. Ra8+ Kf7 42. Ke2 Rd5 43. Rb8 Rb5 44. Kd3 Kf6 45. Rf8+ Kg7 46. Rb8 Kf7 47. Kc4 Rb1 48. Kd4 Rd1+ 49. Kc3 Rf1 50. f4 Rf3 51. Kd4 Rxg3 52. fxg5 Rg4+ 53. Kd3 Rb4 54. Ke2 e5 55. Kf3 Rb3 56. Ke2 b5 57. Rb6 Rb2+ 58. Kf3 Kg7 59. Rf6 e4+ 60. Kg3 Re2 61. Rxf5 Rxe3+ 62. Kf4 Rf3+ 63. Kxe4 Rxf5 64. Kxf5 1/2-1/2

[Event "44th BAN-ch OMICON 2018"]
[Site "Dhaka"]
[Date "2018.11.25"]
[Round "2"]
[White "Zia, Tahsin Tajwar"]
[Black "Rahman, Syed Mahfuzur"]
[Result "1-0"]
[ECO "D02"]
[WhiteElo "1803"]
[BlackElo "2224"]
[Annotator "NA"]
[PlyCount "129"]
[EventDate "2018.11.24"]
[EventType "swiss"]
[EventCountry "BAN"]
[SourceTitle "playchess.com"]
[Source "ChessBase"]
[SourceQuality "1"]
[TimeControl "40/5400+30:1800+30"]

1. Nf3 d5 2. d4 Nf6 3. Bf4 e6 4. e3 Bd6 5. Bg3 c5 6. Nbd2 $11 {[%emt 0:00:11] LiveBook: 32 Games} Nc6 7. c3 O-O 8. Bd3 b6 9. Qe2 Bb7 10. Rd1 cxd4 11. exd4 Ne7 12. Bxd6 Qxd6 13. Ne5 Ne8 14. O-O f6 15. f4 Nc7 16. Qh5 f5 17. Rf3 Ne8 18. Rg3 Rc8 19. Qg5 Rc7 20. Rf1 Nc8 21. Rh3 Qe7 22. Qh5 Nf6 23. Qh4 Nd6 24. g4 g6 25. g5 Nh5 26. Be2 Qe8 27. Bxh5 gxh5 28. Rf2 b5 29. Rg2 Rg7 30. a3 Ne4 31. Qxh5 Qxh5 32. Rxh5 a5 33. Rh6 Re8 34. Nb3 a4 35. Nc1 Kf8 36. Ncd3 Ke7 37. h4 Reg8 38. h5 Bc8 39. Nc5 Kd6 40. Nxe4+ dxe4 41. g6 e3 42. Rg3 Kd5 43. Rxe3 hxg6 44. hxg6 Bd7 45. Nxd7 Rxd7 46. Re5+ Kd6 47. Rxb5 Rdg7 48. Rb4 Rxg6+ 49. Rxg6 Rxg6+ 50. Kf2 Kd5 51. Kf3 Rg1 52. Rxa4 Rf1+ 53. Ke3 Re1+ 54. Kf2 Rb1 55. Rb4 Ke4 56. a4 Rc1 57. a5 Ra1 58. d5+ Kxd5 59. Rd4+ Kc6 60. b4 Ra3 61. Rc4+ Kd5 62. Rd4+ Kc6 63. Rd3 Ra2+ 64. Ke3 Kb5 65. Rd2 1-0

[Event "44th BAN-ch OMICON 2018"]
[Site "Dhaka"]
[Date "2018.11.26"]
[Round "3"]
[White "Chatterjee, Debaraj"]
[Black "Zia, Tahsin Tajwar"]
[Result "1/2-1/2"]
[ECO "E11"]
[WhiteElo "2277"]
[BlackElo "1803"]
[Annotator "NA"]
[PlyCount "59"]
[EventDate "2018.11.24"]
[EventType "swiss"]
[EventCountry "BAN"]
[SourceTitle "playchess.com"]
[Source "ChessBase"]
[SourceQuality "1"]
[TimeControl "40/5400+30:1800+30"]

1. d4 d5 2. c4 e6 3. Nf3 Nf6 4. g3 Bb4+ 5. Bd2 Be7 6. Bg2 O-O 7. O-O Nbd7 8. Qc2 {[%emt 0:06:10] E11: Bogo-Indian} (8. Nc3 c6 9. Bf4 dxc4 10. e4 Re8 11. a4 b6 12. d5 exd5 13. exd5 Bb7 14. a5 bxa5 15. d6 Bf8 16. Nd2 Nd5 17. Nxd5 cxd5 18. Nxc4 dxc4 19. Bxb7 {½-½ (42) Nakamura,H (2777)-Karjakin,S (2773) Saint Louis 2018}) 8... Ne4 9. Nc3 Nxd2 10. Nxd2 dxc4 11. Nxc4 Nb6 12. Na5 c6 $146 ({Predecessor:} 12... Qxd4 13. Nxb7 Bxb7 14. Bxb7 Rab8 15. Be4 Nc4 16. Rfd1 Qe5 17. Rab1 Bf6 18. Rd7 g6 19. Na4 Rb4 20. Bd3 Nxb2 {½-½ (20) Mandiza,F (2390)-Panchanathan,M (2480) Charlotte 2018}) 13. Rfd1 Nd5 14. Nc4 a5 15. e4 Nb4 16. Qe2 b5 17. Ne3 Qb6 18. d5 Bd7 19. d6 Bf6 20. Ng4 Bd4 21. a3 Na6 $2 (21... e5 $1 $11 22. axb4 axb4 23. Rxa8 Rxa8) 22. e5 f5 23. exf6 $1 gxf6 {[%emt 0:00:52] [#]} 24. Kh1 (24. Nxb5 $1 $18 {[%mdl 512] and White stays clearly on top.} Qxb5 25. Qxb5 cxb5 26. Bxa8 (26. Rxd4 e5 $16)) 24... f5 {[%emt 0:03:07] [#]} 25. Qd2 $2 {[%emt 0:07:15] [#]} (25. Rxd4 $1 $18 Qxd4 {[%mdl 64] Double Attack} 26. Ne5 {[%mdl 64] Double Attack}) 25... Bg7 $1 26. Ne3 Nc5 27. Qc2 {[%emt 0:01:08] [#]} a4 $1 28. Ne2 Nb3 29. Rab1 Rae8 30. Nf4 $19 1/2-1/2

[Event "44th BAN-ch OMICON 2018"]
[Site "Dhaka"]
[Date "2018.11.26"]
[Round "3"]
[White "Rahman, Syed Mahfuzur"]
[Black "Subrota, Biswas"]
[Result "0-1"]
[ECO "D10"]
[WhiteElo "2224"]
[BlackElo "2126"]
[Annotator "NA"]
[PlyCount "125"]
[EventDate "2018.11.24"]
[EventType "swiss"]
[EventCountry "BAN"]
[SourceTitle "playchess.com"]
[Source "ChessBase"]
[SourceQuality "1"]
[TimeControl "40/5400+30:1800+30"]

1. d4 Nf6 2. Bg5 d5 3. c4 dxc4 4. Nc3 c6 5. a4 Qa5 6. Bd2 {[%emt 0:24:11] D10: Slav Defence: 3 cxd5 (without early Nf3) and 3 Nc3} Qb6 (6... e5 7. Ne4 Bb4 8. Nd6+ Ke7 9. dxe5 Bxd2+ 10. Qxd2 Qxd2+ 11. Kxd2 Ng4 12. Nf3 Nd7 13. e3 Rd8 14. Ke1 Ndxe5 {½-½ (14) Vladimirov,Y (2586)-Sasikiran,K (2514) Kolkata 2000}) 7. Nf3 Bf5 8. Nh4 Be4 $146 ({Predecessor:} 8... Bg4 9. h3 Bh5 10. g4 Bg6 11. Nxg6 hxg6 12. g5 Nd5 13. e4 Nb4 {0-1 (35) Boriak,A (2010)-Polyakevich,S (2293) Koltsovo 2006}) 9. f3 Bg6 10. e3 Bd3 11. Bxd3 cxd3 12. Qb1 Na6 13. a5 Qb3 14. O-O Nb4 15. Ra3 Qc2 16. Ne4 e6 17. Qxc2 dxc2 18. Rb3 Nfd5 19. g3 b6 20. Ra1 Rc8 (20... Rd8 $17 21. axb6 axb6) 21. axb6 axb6 22. Nf2 {[%emt 0:01:59] [#]} c5 $1 23. e4 (23. Rc1 $17) 23... Nf6 24. Bxb4 cxb4 25. Rc1 $1 Rc4 26. Rd3 Nd7 27. f4 Be7 28. Ng2 O-O 29. Ne3 {[%emt 0:00:06] Double Attack} Rc7 30. Rxc2 Rxc2 31. Nxc2 Rc8 32. Na1 b5 33. Kf1 f5 34. Ke2 Nb6 35. Rd1 Ra8 36. exf5 exf5 37. Nd3 Ra2 38. Nb3 Nc4 39. Ra1 Rxa1 40. Nxa1 Kf7 41. Nc2 b3 42. Na1 Nxb2 43. Nxb2 Ba3 44. Nxb3 Bxb2 45. Kd3 Ke6 46. Kc2 $1 Ba3 47. Kc3 $2 (47. Kd3 $11 {and White has nothing to worry.}) 47... Kd5 48. Kd3 {[%emt 0:13:19] [#]} Bb2 $1 49. Ke3 Bc3 50. Kd3 b4 51. Ke3 Kc4 52. Na5+ {[%emt 0:00:00] [#]} Kb5 $1 53. Nb7 b3 54. Kd3 b2 55. Kc2 Kc6 56. Nc5 Bxd4 57. Nd3 Kd5 58. Nxb2 Bxb2 59. Kxb2 Ke4 60. Kc3 Kf3 61. Kd4 Kg2 62. Ke5 g6 63. Kd4 0-1

[Event "44th BAN-ch OMICON 2018"]
[Site "Dhaka"]
[Date "2018.11.26"]
[Round "3"]
[White "Mehdi Hasan Parag"]
[Black "Abu Sufian, Shakil"]
[Result "1/2-1/2"]
[ECO "B12"]
[WhiteElo "2218"]
[BlackElo "2230"]
[Annotator "NA"]
[PlyCount "38"]
[EventDate "2018.11.24"]
[EventType "swiss"]
[EventCountry "BAN"]
[SourceTitle "playchess.com"]
[Source "ChessBase"]
[SourceQuality "1"]
[TimeControl "40/5400+30:1800+30"]

1. e4 c6 2. d4 d5 3. e5 Bf5 4. Nf3 e6 5. Be2 c5 6. Be3 cxd4 7. Nxd4 Ne7 8. O-O Nbc6 9. Bb5 a6 10. Bxc6+ bxc6 11. c4 Qd7 12. Nc3 dxc4 13. Na4 Nd5 14. Nxf5 exf5 15. Qe2 Be7 16. Qxc4 O-O 17. Bc5 f4 $14 18. Qe4 Rab8 19. Rac1 Rfe8 1/2-1/2

[Event "44th BAN-ch OMICON 2018"]
[Site "Dhaka"]
[Date "2018.11.26"]
[Round "3"]
[White "Mohammad, Javed"]
[Black "Saiful Islam, Chowdhury"]
[Result "1/2-1/2"]
[ECO "C65"]
[WhiteElo "2135"]
[BlackElo "2110"]
[Annotator "NA"]
[PlyCount "145"]
[EventDate "2018.11.24"]
[EventType "swiss"]
[EventCountry "BAN"]
[SourceTitle "playchess.com"]
[Source "ChessBase"]
[SourceQuality "1"]
[TimeControl "40/5400+30:1800+30"]

1. e4 e5 2. Nf3 Nc6 3. Bb5 Nf6 4. d3 d6 5. O-O Be7 6. c3 O-O 7. h3 Bd7 8. Nbd2 Re8 {[%emt 0:04:23] C65: Ruy Lopez: Berlin Defence (3...Nf6), unusual lines and 4 0-0 Bc5} 9. Re1 Bf8 10. Nf1 g6 11. Ng3 Bg7 12. a4 h6 $146 ({Predecessor:} 12... Ne7 13. Bc4 c5 14. Qb3 Rf8 15. Ng5 Be8 16. f4 exf4 17. Bxf4 {1-0 (67) Najer,E (2658)-Inarkiev,E (2660) Moscow 2015}) 13. Bc4 Na5 14. Ba2 c5 15. b4 cxb4 16. cxb4 Nc6 17. b5 Ne7 18. d4 exd4 19. Nxd4 d5 20. e5 Nh7 {[%emt 0:09:40] [#]} 21. Ba3 (21. e6 $1 $16 fxe6 22. Rxe6) 21... Bc8 (21... Nf8 $16 {is a better defense.}) 22. Rc1 Nf8 23. Bd6 Be6 24. Qd2 Rc8 25. f4 Qd7 26. Nde2 h5 27. Nd4 Bh6 28. Qf2 Rxc1 29. Rxc1 Rc8 30. Rxc8 Nxc8 31. f5 h4 32. Bxf8 hxg3 33. Qxg3 Kxf8 34. fxe6 fxe6 35. Kh1 (35. Bb1 $16 Ne7 36. Kf2) 35... Qf7 36. Qa3+ Ne7 37. Nf3 (37. Kg1 $11) 37... Qf4 38. Qc3 $2 (38. Bb1 $11 {and White has nothing to worry.}) 38... Qxa4 39. Qb3 Qxb3 40. Bxb3 a6 41. bxa6 bxa6 42. Ba4 Nf5 43. g4 Ne3 44. Nd4 Ke7 45. Nc6+ Ke8 46. Nd4+ Kf7 $17 47. Bd7 a5 48. Kg1 Ke7 49. Ba4 Nc4 50. Nc6+ Kf8 51. Nd8 Be3+ 52. Kf1 Nb6 (52... Nxe5 $17 53. h4 Nxg4) 53. Bc2 (53. Nxe6+ $15 Ke7 54. Nc7) 53... a4 54. Ke2 a3 55. Bb3 Ke7 56. Nc6+ Kd7 57. Nb8+ Kc8 58. Kxe3 Kxb8 59. h4 Nd7 60. Kd4 $1 Kc7 61. h5 Nf8 62. Kc3 Kd8 63. Kb4 gxh5 64. gxh5 Ke7 65. Kxa3 Nd7 $11 66. h6 Nxe5 67. h7 Nf7 68. Kb4 Kd6 69. Kc3 Ke5 70. Kd3 Nh8 71. Ke3 Ng6 72. Bc2 Nh8 73. Bb3 {[%emt 0:00:50] Ke4+ Kxe4*} 1/2-1/2